 Dungeon Crawl Stone Soup version 0.28.0-53-g5a82cb258f (webtiles) character file.

Game seed: 17754661969651768197

40 Atelerd the Digger (level 3, -1/22 HPs)
             Began as an Octopode Earth Elementalist on July 25, 2022.
             Slain by Terence
             ... wielding a +0 hand axe
              (9 damage)
             ... on level 2 of the Dungeon.
             The game lasted 00:00:45 (1302 turns).

Atelerd the Digger (Octopode Earth Elementalist)    Turns: 1302, Time: 00:00:46

Health: -1/22      AC:  1    Str:  7    XL:     3   Next: 50%
Magic:  3/6        EV: 13    Int: 19    God:
Gold:   6          SH:  0    Dex: 12    Spells: 5/6 levels left

rFire   . . .      SeeInvis .   c - +0 dagger
rCold   . . .      Faith    .   (no shield)
rNeg    . . .      Spirit   .   (helmet restricted)
rPois   .          Reflect  .   (no amulet)
rElec   .          Harm     .   (no ring)
rCorr   .          Rampage  .   (no ring)
Will    .....                   (no ring)
Stlth   +++.......              (no ring)
HPRegen 0.07/turn               (no ring)
MPRegen 0.10/turn               (no ring)
                                (no ring)
                                (no ring)

@: no status effects
A: almost no armour, amphibious, 8 rings, camouflage 1, gelatinous body 1,
(nimble swimmer 1), tentacles
a: no special abilities


You were on level 2 of the Dungeon.
You visited 1 branch of the dungeon, and saw 2 of its levels.

You collected 6 gold pieces.

Inventory:

Hand Weapons
 c - a +0 dagger (weapon)
Missiles
 b - 43 stones
Jewellery
 h - a ring of protection from cold
Wands
 j - a wand of polymorph (7)
Scrolls
 d - 4 scrolls of identify {unknown}
 f - a scroll of brand weapon {unknown}
 g - a scroll of teleportation {unknown}
 l - a scroll of enchant weapon {unknown}
Potions
 a - a potion of haste
 e - a potion of cancellation {unknown}
 i - a potion of berserk rage {unknown}
 k - a potion of might {unknown}


   Skills:
 + Level 0.3 Fighting
 + Level 0.1 Short Blades
 - Level 2.0 Dodging
 + Level 3.2 Stealth
 + Level 2.3 Spellcasting
 + Level 1.2 Transmutations
 + Level 3.7 Earth Magic


You had 5 spell levels left.
You knew the following spells:

 Your Spells              Type           Power      Damage    Failure   Level
a - Sandblast             Erth           32%        2d9       3%          1

Your spell library contained the following spells:

 Spells                   Type           Power      Damage    Failure   Level
 Passwall                 Tmut/Erth      9%         N/A       9%          2
 Stone Arrow              Conj/Erth      18%        3d8       22%         3
 Petrify                  Tmut/Erth      11%        N/A       52%         4


Dungeon Overview and Level Annotations

Branches:
Dungeon (2/15)

Altars:

Annotations:
D:2 Terence


Innate Abilities, Weirdness & Mutations

You cannot wear most types of armour.
You are amphibious.
You can wear up to eight rings at the same time.
Your skin changes colour to match your surroundings (Stealth+).
Your rubbery body absorbs attacks. (AC +1, EV +1)
((You are camouflaged when in or above water. (Stealth+)))
You have tentacles for arms and can constrict up to eight enemies at once.


Message History

You see here a +0 short sword.
No target in view!
d - 3 scrolls labelled DUBAALUGUO (gained 1)
Found a stone staircase leading down.
No target in view!
There is a stone staircase leading down here.
d - 4 scrolls labelled DUBAALUGUO (gained 1)
A frilled lizard comes into view.
The frilled lizard hisses angrily.
A frilled lizard is nearby!
You hit the frilled lizard.
You kill the frilled lizard!
You see here a frilled lizard corpse.
Terence the Incautious comes into view.
He is wielding a +0 hand axe.
Terence shouts!
You hit Terence but do no damage. You grab Terence. You squeeze Terence.
Terence is lightly wounded.
You constrict Terence, but do no damage.
An endoplasm comes into view.
There are monsters nearby!
There are monsters nearby!
There are monsters nearby!
You hit Terence but do no damage.
Terence is lightly wounded.
You constrict Terence, but do no damage.
Terence drinks a potion.
Terence seems to speed up.
The blast of sand hits Terence but does no damage.
Terence is lightly wounded.
You constrict Terence, but do no damage.
Terence hits you with a +0 hand axe! Terence closely misses you.
The blast of sand hits Terence but does no damage.
Terence is lightly wounded.
You constrict Terence, but do no damage.
Terence screams, "I want your blood!" Terence completely misses you.
The blast of sand hits Terence but does no damage.
Terence is lightly wounded.
You constrict Terence, but do no damage.
Terence hits you with a +0 hand axe. Terence hits you with a +0 hand axe!
You die...

... .. ..
#### .## ...
..# #.##.#
#.## #....#
#... ##..†#
####
#.@#.#####
#@###....#
..J #.###.#
##.##.# #.#
#. ##
#.##########
#.
#...........
#
####.......)
#.#######
#.#######


You could see Terence (fast) and an endoplasm.

Vanquished Creatures
  A worm (D:2)
  A dart slug (D:1)
  2 bats
  2 endoplasms
  A giant cockroach (D:1)
  6 goblins
  6 hobgoblins
  4 kobolds (D:2)
  A ball python (D:1)
  4 frilled lizards
  6 rats
34 creatures vanquished.

Notes
Turn   | Place    | Note
-------+----------+-------------------------------------------
     0 | D:1      | Atelerd the Octopode Earth Elementalist began the quest for
                  | the Orb.
     0 | D:1      | Reached XP level 1. HP: 11/11 MP: 3/3
   199 | D:1      | Reached XP level 2. HP: 17/17 MP: 3/5
   390 | D:1      | Found a faded altar of an unknown god.
   876 | D:2      | Reached XP level 3. HP: 17/21 MP: 3/6
  1296 | D:2      | Noticed Terence
  1302 | D:2      | Slain by Terence

Illustrated notes

Levels and vault maps discovered:
D:1:      nicolae_arrival_memento_mori, layout_loops_ring,
          chequers_ecumenical_altar_grove, minmay_tree_intersection
D:2:      layout_loops_ring, kennysheep_decorative_pillar,
          kennysheep_generic_room_2, uniq_terence

Skill      XL: |  1  2 |
---------------+-------+-----
Stealth        | 3 |  3.2
Fighting       | |  0.3
Short Blades   | |  0.1
Dodging        | |  2.0
Spellcasting   | |  2.3
Transmutations | |  1.2
Earth Magic    | |  3.7

Action                   || total
-------------------------++-------
Melee: Unarmed           ||     2
       Tentacles         ||     9
       Dagger            ||    42
       Constrict         ||     8
       Punch             ||     1
 Cast: Sandblast         ||    22
 Stab: Sleeping          ||     8
Armor: Skin              ||     8
Dodge: Dodged            ||    27
